 Dungeon Crawl Stone Soup version 0.29-a0-1027-gcd8c55af63 (webtiles) character file.

Game seed: 969427355695311859

533 ragingrage the Chopper (level 7, -14/52 HPs)
             Began as a Demonspawn Chaos Knight on Aug 13, 2022.
             Was a Plaything of Xom.
             Demolished by an ogre
             ... wielding a +0 giant spiked club
              (39 damage)
             ... on level 5 of the Dungeon.
             The game lasted 00:03:05 (4374 turns).

ragingrage the Chopper (Demonspawn Chaos Knight)    Turns: 4374, Time: 00:03:06

Health: -14/52     AC: 10    Str: 13 (14) XL:     7   Next: 4%
Magic:  7/7        EV:  6    Int: 13 (14) God:    Xom [...*..]
Gold:   212        SH:  0    Dex: 12      Spells: 6/6 levels left

rFire   + . .      SeeInvis .   a - +0 hand axe (chaos)
rCold   . . .      Faith    .   (no shield)
rNeg    . . .      Spirit   .   k - +1 chain mail {rPois}
rPois   +          Reflect  .   (helmet restricted)
rElec   .          Harm     .   (no cloak)
rCorr   .          Rampage  .   p - +0 pair of gloves
Will    .....                   (no boots)
Stlth   ..........              (no amulet)
HPRegen 0.17/turn               w - ring of protection from fire
MPRegen 0.10/turn               (no ring)

@: mighty
A: antennae 1, demonic guardian 1, powered by pain 1, deterioration 1
a: Renounce Religion


You were on level 5 of the Dungeon.
You worshipped Xom.
You were a favourite toy of Xom.
You visited 1 branch of the dungeon, and saw 5 of its levels.

You collected 212 gold pieces.

Inventory:

Hand Weapons
 a - a +0 hand axe of chaos (weapon)
 f - a +2 dagger of protection
Missiles
 v - 3 atropa-tipped darts (quivered)
Armour
 k - a +1 chain mail of poison resistance (worn)
 p - a +0 pair of gloves (worn)
Jewellery
 s - a ring of ice
 w - a ring of protection from fire (left hand)
Scrolls
 d - 2 scrolls of identify {unknown}
 i - a scroll of noise {unknown}
 l - a scroll of teleportation {unknown}
 m - 2 scrolls of amnesia {unknown}
 n - a scroll of enchant armour {unknown}
 o - a scroll of vulnerability {unknown}
 r - a scroll of fear {unknown}
 t - 2 scrolls of poison {unknown}
 u - a scroll of silence {unknown}
Potions
 b - 2 potions of cancellation {unknown}
 e - 2 potions of heal wounds {unknown}
 g - a potion of curing {unknown}
 h - 3 potions of brilliance {unknown}
 j - a potion of flight {unknown}
 q - a potion of attraction {unknown}
Miscellaneous
 c - a piece from Xom's chessboard (15/15)


   Skills:
 - Level 3.0 Fighting
 + Level 7.4 Axes
 - Level 1.7 Armour
 - Level 0.8 Dodging


You had 6 spell levels left.
You didn't know any spells.
Your spell library contained the following spells:

 Spells                   Type           Power      Damage    Failure   Level
 Foxfire                  Conj/Fire      0%         2x1d4     100%        1
 Confusing Touch          Hex            0%         N/A       100%        3
 Conjure Flame            Conj/Fire      0%         6-21      100%        3
 Dazzling Flash           Conj/Hex       0%         N/A       100%        3
 Inner Flame              Hex/Fire       0%         N/A       100%        3
 Flame Wave               Conj/Fire      0%         2d4       100%        4
 Agony                    Necr           0%         N/A       100%        5
 Silence                  Hex/Air        0%         N/A       100%        5
 Yara's Violent Unravell  Hex/Tmut       0%         3d3       100%        5
 Enfeeble                 Hex            0%         N/A       100%        7


Dungeon Overview and Level Annotations

Branches:
Dungeon (5/15)
 Temple: D:4-7

Altars:


Innate Abilities, Weirdness & Mutations

You have a pair of small antennae on your head.
A weak demonic guardian rushes to your aid.
You sometimes gain a little power by taking damage.
Your body sometimes deteriorates upon taking damage.


Message History

Found a stone staircase leading down.
Found a robe.
Found a stone staircase leading up.
There is a stone staircase leading down here.
An ogre comes into view. It is wielding a +0 giant spiked club.
The ogre moves out of view.
An ogre is nearby!
An ogre is nearby!
You hit the ogre. You freeze the ogre.
The ogre is moderately wounded.
The ogre hits you with a +0 giant spiked club!
Your body deteriorates!
You feel weakened.
You barely miss the ogre.
The ogre is moderately wounded.
Throw: 5 darts (atropa)
Press: ? - help, Q - select action, (/) - cycle Shift-Dir - straight line, f - ogre
Aim: an ogre, wielding a +0 giant spiked club (moderately wounded, 73% to hit, chance to blind on hit: 27%)
You throw an atropa-tipped dart. The atropa-tipped dart hits the ogre.
The ogre resists.
The ogre is moderately wounded.
The ogre hits you with a +0 giant spiked club!!
Your body deteriorates!
You feel dopey.
You focus on the pain.
You feel very mighty all of a sudden.
Throw: 4 darts (atropa)
Press: ? - help, Q - select action, (/) - cycle Shift-Dir - straight line, f/p - ogre
Aim: an ogre, wielding a +0 giant spiked club (moderately wounded, 73% to hit, chance to blind on hit: 27%)
You throw an atropa-tipped dart. The atropa-tipped dart hits the ogre.
The ogre resists.
The ogre is moderately wounded.
You barely miss the ogre.
The ogre is moderately wounded.
The ogre barely misses you.
You slash the ogre!
The ogre seems to grow stronger.
Xom is highly amused!
The ogre is heavily wounded.
The ogre hits you with a +0 giant spiked club!!!
Ouch! That really hurt!
You die...
Xom howls with laughter!

### ...... #.....
..... .....# ...#..
.... ....###..#.#
...## . [..#....#.#
....# ... ..#....#.#
....#
#..###.#<...#.###...$#
##..##.##...#.#.#....#
#............>#.@O...#
....##.####.#.#.##...#
....##...............#
......#####.###.######
#.....# #.. ....
##....# ### #.###
#.....# ..# ..+...#
### ..#...#


You could see an ogre (strong).

Vanquished Creatures
  Sigmund (D:2)
  Edmund (D:4)
  An orc wizard (D:4)
  2 adders
  2 dart slugs
  8 orcs
  4 endoplasms
  3 giant cockroaches
  7 hobgoblins
  6 jackals
  2 quokkas (D:2)
  7 ball pythons
  3 bats
  3 frilled lizards
  6 goblins
  8 kobolds
  11 rats
75 creatures vanquished.

Vanquished Creatures (collateral kills)
  Menkaure (D:4)
  An adder (D:2)
  An orc (D:4)
3 creatures vanquished.

Grand Total: 78 creatures vanquished

Notes
Turn   | Place    | Note
-------+----------+-------------------------------------------
     0 | D:1      | ragingrage the Demonspawn Chaos Knight began the quest for
                  | the Orb.
     0 | D:1      | Reached XP level 1. HP: 18/18 MP: 1/1
    37 | D:1      | Reached skill level 3 in Axes
   406 | D:1      | Gained mutation: You have a pair of small antennae on your
                  | head. [demonic ancestry]
   406 | D:1      | Reached XP level 2. HP: 24/24 MP: 2/2
   568 | D:1      | Found a faded altar of an unknown god.
   579 | D:1      | XOM: silly message
   754 | D:1      | XOM: god gift: 53 gold pieces
  1012 | D:2      | Reached skill level 4 in Axes
  1012 | D:2      | Reached XP level 3. HP: 11/29 MP: 3/3
  1301 | D:1      | XOM: divination: detect items
  1390 | D:2      | Noticed Sigmund
  1416 | D:2      | XOM: divination: detect creatures
  1688 | D:2      | XOM: summons 2 friendly demons
  1756 | D:2      | Killed Sigmund
  1757 | D:2      | Reached skill level 5 in Axes
  1757 | D:2      | Gained mutation: You sometimes gain a little power by
                  | taking damage. [demonic ancestry]
  1757 | D:2      | Reached XP level 4. HP: 35/35 MP: 4/4
  1757 | D:2      | Gained mutation: A weak demonic guardian rushes to your
                  | aid. [demonic ancestry]
  1757 | D:2      | Reached XP level 5. HP: 41/41 MP: 5/5
  2197 | D:3      | XOM: 2-stop teleportation journey
  2208 | D:3      | Reached skill level 6 in Axes
  2323 | D:3      | XOM: give mutations
  2323 | D:3      | Gained mutation: Your body sometimes deteriorates upon
                  | taking damage. [Xom's mischief]
  3184 | D:4      | Noticed Edmund
  3190 | D:4      | XOM: enchant monster (good)
  3215 | D:4      | XOM: smoke on damage
  3216 | D:4      | Killed Edmund
  3217 | D:4      | Reached XP level 6. HP: 10/47 MP: 6/6
  3542 | D:4      | XOM: scenery: summon butterflies
  3902 | D:4      | Noticed Menkaure
  3902 | D:4      | XOM: summons 5 friendly demons
  3908 | D:4      | Killed Menkaure
  3909 | D:4      | Reached skill level 7 in Axes
  3909 | D:4      | Reached XP level 7. HP: 35/52 MP: 7/7
  4345 | D:5      | Entered Level 5 of the Dungeon
  4374 | D:5      | Demolished by an ogre

Illustrated notes

Levels and vault maps discovered:
D:1:      dpeg_arrival_ratfight, layout_basic, basic_ecumenical_altar,
          nicolae_concentric_dashed_squares_mild
D:2:      layout_rooms, lightli_corner_chamber, uniq_sigmund
D:3:      layout_basic, wad_floor_pattern_untrapped, minmay_door_square
D:4:      layout_loops_cross, kennysheep_pointless_box, uniq_edmund,
          uniq_menkaure
D:5:      layout_basic, mainiacjoe_overflow_brackets, minmay_strange_pillars,
          uniq_pikel, uniq_eustachio, uniq_duvessa

Skill      XL: |  1  2  3  4  5  6 |
---------------+-------------------+-----
Axes           | 3 4 5 6 7 |  7.4
Fighting       | |  3.0
Armour         | |  1.7
Dodging        | |  0.8

Action                   |  1- 3 |  4- 6 |  7- 9 || total
-------------------------+-------+-------+-------++-------
Melee: Hand axe          |   102 |   115 |     7 ||   224
       Dagger            |     7 |       |       ||     7
       Punch             |     1 |       |       ||     1
Throw: Dart              |       |       |     2 ||     2
Evoke: Piece from Xom's  |     6 |       |       ||     6
 Stab: Confused          |     1 |       |       ||     1
       Petrified         |       |    12 |       ||    12
       Paralysed         |       |     2 |       ||     2
Armor: Leather armour    |    47 |       |       ||    47
       Chain mail        |     2 |    65 |     1 ||    68
Dodge: Dodged            |    84 |    29 |     2 ||   115

Table legend: (Time is in decaauts)
 A = Elapsed time spent in this place.
 B = Non-inter-level travel time spent in this place.
 C = Inter-level travel time spent in this place.
 D = Time resting spent in this place.
 E = Time spent auto-exploring this place.
 F = Levels seen in this place.
 G = Mean time per level.
                   A        B        C        D        E       F      G
               +--------+--------+--------+--------+--------+-----+--------+
         Total |   4385 |   4136 |    249 |    843 |   2707 |   5 |  877.0 |
       Dungeon |   4385 |   4136 |    249 |    843 |   2707 |   5 |  877.0 |
               +--------+--------+--------+--------+--------+-----+--------+

Top non-repeatable levels by time:
     D:4: 1391 daAuts
     D:1: 1249 daAuts
     D:2: 888 daAuts
     D:3: 828 daAuts
     D:5: 28 daAuts
